cohdb
Replays
Latest Replays
All Replays
Popular Replays
Top Player Replays
Match Explorer
How It Works
Community
CoH3 Stats
Reddit
Sign in to upload your games and track your stats! →
Sign in with Steam
Match 39501581
Unlisted
Match 39501581
Overview
Messages
Build Orders
End
Selects Bersaglieri Squad
Panzergrenadier Squad
Panzergrenadier Squad
250 Light Carrier
Construct Light Support Kompanie
Selects Vehicle Support - Secure Location
Assault Grenadier Squad
Fire Support Elements
Flakvierling Half-track
Construct Mechanized Kompanie
Selects Vehicle Support - Force Recon
Panzerpioneer Squad
8 Rad Armored Car
Panzerpioneer Squad
Construct Panzerarmee Kommand
Selects Semovente da 75/18 Assault Gun
Bersaglieri Squad
Selects Strafing Run
Semovente da 75/18 Assault Gun
Strafing Run
Bersaglieri Squad
Strafing Run
Selects Artillery Cover
Bersaglieri Squad
Semovente da 75/18 Assault Gun
Artillery Cover
Panzer III L Medium Tank
Selects Italian Combined Arms Battlegroup
Selects Panzerjäger Kommand Battlegroup
CPU - 困难
CPU - 困难
CPU - 困难
XuZhongwei
Zuarasiz
今生见
0
0
Comments
sign in to comment!
No comments posted yet!